 Dungeon Crawl Stone Soup version 0.27-a0-732-ga892ba84f6 (webtiles) character file.

Game seed: 4171971246859597748

412 sraybest the Ruffian (level 6, -5/59 HPs)
             Began as a Troll Fighter on Mar 23, 2021.
             Was an Initiate of Ru.
             Killed by divine providence
             ... invoked by an orc priest
              (11 damage)
             ... on level 4 of the Dungeon.
             The game lasted 00:05:25 (3254 turns).

sraybest the Ruffian (Troll Fighter)                Turns: 3254, Time: 00:05:25

Health: -5/59      AC:  4    Str: 25    XL:     6   Next: 59%
Magic:  0/5        EV:  8    Int:  4    God:    Ru [......]
Gold:   142        SH:  9    Dex: 11    Spells: 5/5 levels left

rFire    . . .     SeeInvis .     - Unarmed
rCold    . . .     Faith    .   b - +0 kite shield
rNeg     . . .     Spirit   +   a - +0 robe
rPois    .         Reflect  .   (helmet restricted)
rElec    .         Harm     .   (no cloak)
rCorr    +         Rampage  .   (gloves unavailable)
Will     .....                  (boots unavailable)
Stlth    +.........             l - amulet of guardian spirit
HPRegen  1.19/turn              d - ring of resist corrosion
MPRegen  0.09/turn              (no ring)

@: no status effects
A: large, unfitting armour, claws 3, regeneration 1, shaggy fur 1, tough skin 1
a: Renounce Religion


You were on level 4 of the Dungeon.
You worshipped Ru.
Ru was noncommittal.
You visited 2 branches of the dungeon, and saw 5 of its levels.
You also visited: Sewer.

You collected 142 gold pieces.

Inventory:

Armour
 a - a +0 robe (worn)
 b - a +0 kite shield (worn)
Jewellery
 d - a ring of resist corrosion (right claw)
 l - an amulet of guardian spirit (around neck)
Scrolls
 e - 3 scrolls of identify
 f - a scroll of enchant armour {unknown}
 i - 6 scrolls of teleportation
 j - a scroll of noise
 k - a scroll of fear {unknown}
 m - a scroll of fog {unknown}
 n - a scroll of summoning
 p - a scroll of immolation {unknown}
Potions
 c - 2 potions of might
 g - a potion of lignification {unknown}
 h - 4 potions of curing {unknown}
 o - a potion of magic {unknown}


   Skills:
 - Level 2.4 Fighting
 - Level 2.4 Dodging
 - Level 2.4 Shields
 + Level 7.1 Unarmed Combat


You had 5 spell levels left.
You didn't know any spells.
Your spell library contained the following spells:

 Spells                   Type           Power      Damage    Failure   Level
 Corona                   Hex            0%         N/A       93%         1
 Magic Dart               Conj           0%         1d3       93%         1
 Blink                    Tloc           N/A        N/A       98%         2
 Call Imp                 Summ           0%         N/A       98%         2
 Ensorcelled Hibernation  Hex/Ice        0%         N/A       98%         2
 Slow                     Hex            0%         N/A       98%         2
 Confusing Touch          Hex            0%         N/A       100%        3
 Conjure Flame            Conj/Fire      0%         6-21      100%        3
 Dazzling Flash           Conj/Hex       0%         N/A       100%        3
 Gell's Gravitas          Tloc           0%         N/A       100%        3
 Mephitic Cloud           Conj/Pois/Air  0%         N/A       100%        3
 Tukima's Dance           Hex            0%         N/A       100%        3
 Petrify                  Tmut/Erth      0%         N/A       100%        4
 Metabolic Englaciation   Hex/Ice        0%         N/A       100%        5
 Yara's Violent Unravell  Hex/Tmut       0%         3d3       100%        5


Dungeon Overview and Level Annotations

Branches:
Dungeon (4/15)             Temple (1/1) D:4           Sewer (visited)

Altars:
Dithmenos
Elyvilon
Fedhas
Hepliaklqana
Kikubaaqudgha
Makhleb
Nemelex Xobeh
Okawaru
Qazlal
Ru
Sif Muna
Trog
Uskayaw
Vehumet
Wu Jian
Yredelemnul
Zin
The Shining One


Innate Abilities, Weirdness & Mutations

You are too large for most types of armour.
You have claws for hands.
Your natural rate of healing is unusually fast.
You are covered in fur. (AC +1)
You have tough skin. (AC +1)


Message History

The orc wizard is almost dead.
The orc wizard hits you with a +2 dagger of venom.
You are poisoned.
You closely miss the orc wizard.
The orc wizard is almost dead.
You feel extremely sick.
The orc wizard points at you and mumbles some strange words.
You are confused.
The orc wizard hits you with a +2 dagger of venom.
You are more poisoned.
You miss the orc wizard.
The orc wizard is almost dead.
You feel extremely sick.
The orc wizard hits you with a +2 dagger of venom.
You bump into the rock wall.
You feel sick. The orc wizard barely misses you.
You bump into the rock wall.
You feel sick.
The orc wizard hits you with a +2 dagger of venom.
* * * LOW HITPOINT WARNING * * *
You feel sick.
You are no longer poisoned.
An orc wizard comes into view. It is wielding a +0 dagger.
You bump into the rock wall.
The orc wizard hits you with a +2 dagger of venom.
* * * LOW HITPOINT WARNING * * *
You are poisoned.
You feel less confused.
You feel very sick.
You barely miss the orc wizard.
The orc wizard is almost dead.
You feel sick. You block the orc wizard's attack.
You claw the orc wizard!
You kill the orc wizard!
You feel sick.
The orc wizard hits you with a +0 dagger.
* * * LOW HITPOINT WARNING * * *
You barely miss the orc priest.
You feel sick.
You are no longer poisoned.
The orc priest mumbles some strange prayers to Beogh against you.
Beogh smites you!
You die...

**********,* #.# ***** *,,,*
*,***#.# *,,,, *,,,*
*,*,,..#*********##.,,, *,,,*
*,*,*#>.,,,,,,,,,,...,, *,,,*
*,*,*#o#***********..**
*****,,,***,*,*#.# *#.#*
,,,,+,,,+,,,,,*#B########**###..#
*****,,,**#.####o........,,,.....
*,,,* #....o@##############.[
***** #######.#.#.#.#.#.#.#.#
#.#.#.#.#.#.#.#.#. *****
##.#.#.#.#.#.#.#.# *,,,*
#.#.#.#.#.#.#.#.#. *,,,*
##.#.#.#.#.#.#.#.# *,,,*
#.#.#.#.#.#.#รท#.#. *,,,*
##.#.#.#.#.#.#.#.# *,,,*
#.#.#.#.#.#.#.#.#.


You could see a worker ant, an orc priest, an orc wizard and an orc.

Vanquished Creatures
  Grinder (D:3)
  Jessica (D:2)
  An orc wizard (D:4)
  A worker ant (D:4)
  A hound skeleton (D:4)
  6 adders
  An adder skeleton (D:4)
  3 worms
  2 dart slugs
  An orc (D:4)
  2 giant cockroaches
  3 goblins (D:1)
  8 hobgoblins
  11 jackals
  11 oozes
  3 quokkas
  12 ball pythons
  A bat (D:2)
  9 frilled lizards (Sewer)
  4 kobolds
  6 rats
88 creatures vanquished.

Notes
Turn   | Place    | Note
-------+----------+-------------------------------------------
     0 | D:1      | sraybest the Troll Fighter began the quest for the Orb.
     0 | D:1      | Reached XP level 1. HP: 22/22 MP: 0/0
   140 | D:1      | Reached XP level 2. HP: 29/29 MP: 1/1
   188 | D:1      | Reached skill level 3 in Unarmed Combat
   424 | D:1      | Reached XP level 3. HP: 36/36 MP: 2/2
   745 | D:2      | Found a sparkling altar of Nemelex Xobeh.
   886 | D:2      | Noticed Jessica
   889 | D:2      | Killed Jessica
   890 | D:2      | Reached skill level 4 in Unarmed Combat
   890 | D:2      | Reached XP level 4. HP: 44/44 MP: 3/3
  1873 | D:3      | Noticed Grinder
  1878 | D:3      | Paralysed by Grinder for 3 turns
  1883 | D:3      | Killed Grinder
  1884 | D:3      | Reached skill level 6 in Unarmed Combat
  1884 | D:3      | Reached XP level 5. HP: 17/50 MP: 1/4
  1937 | D:3      | Found a white marble altar of Elyvilon.
  2067 | D:3      | Reached XP level 6. HP: 52/59 MP: 5/5
  2346 | D:4      | Found a glowing drain.
  2359 | Sewer    | Entered a sewer
  2854 | D:4      | Reached skill level 7 in Unarmed Combat
  2883 | D:4      | Found a staircase to the Ecumenical Temple.
  2912 | Temple   | Entered the Ecumenical Temple
  3061 | Temple   | Became a worshipper of Ru the Awakened
  3254 | D:4      | Killed from afar by an orc priest

Illustrated notes

Levels and vault maps discovered:
D:1:      giann_bridges, layout_loops_ring, wad_floor_pattern_untrapped
D:2:      layout_rooms, nemelex_xobeh_ov_fountains_minmay, minmay_ruptured,
          uniq_jessica
D:3:      layout_rooms, old_standard_altar,
          hangedman_abyss_or_decor_lesser_grid, uniq_grinder
D:4:      layout_basic, minmay_temple_entry_statues,
          cheibrodos_sewer_entry_bend, dk_noncrumbling_4
Temple:   nicolae_temple_elliptical

Skill      XL: |  1  2  3  4  5  6 |
---------------+-------------------+-----
Unarmed Combat | 3 4 6 7 |  7.1
Fighting       | |  2.4
Dodging        | |  2.4
Shields        | |  2.4

Action                   |  1- 3 |  4- 6 || total
-------------------------+-------+-------++-------
Melee: Unarmed           |    97 |   119 ||   216
  Use: Scroll            |       |     5 ||     5
       Potion            |       |     4 ||     4
 Stab: Sleeping          |     1 |       ||     1
Armor: Robe              |    19 |    25 ||    44
Dodge: Dodged            |    19 |    27 ||    46
Block: Kite shield       |    45 |    24 ||    69

Table legend: (Time is in decaauts)
 A = Elapsed time spent in this place.
 B = Non-inter-level travel time spent in this place.
 C = Inter-level travel time spent in this place.
 D = Time resting spent in this place.
 E = Time spent auto-exploring this place.
 F = Levels seen in this place.
 G = Mean time per level.
                   A        B        C        D        E       F      G
               +--------+--------+--------+--------+--------+-----+--------+
         Total |   3342 |   3138 |    204 |    736 |   1820 |   6 |  557.0 |
       Dungeon |   2834 |   2640 |    194 |    736 |   1466 |   4 |  708.5 |
        Temple |    154 |    144 |     10 |      0 |    142 |   1 |  154.0 |
         Sewer |    353 |    353 |      0 |      0 |    211 |   1 |  353.0 |
               +--------+--------+--------+--------+--------+-----+--------+

Top non-repeatable levels by time:
     D:2: 1164 daAuts
     D:1: 705 daAuts
     D:4: 592 daAuts
     D:3: 372 daAuts
   Sewer: 353 daAuts
  Temple: 154 daAuts
